 Dungeon Crawl Stone Soup version 0.25.0-15-gac7dcb8919 (webtiles) character file.

Game seed: 5623702468532049010

462 protoss039 the Grave Robber (level 6, -3/42 HPs)
             Began as a Demonspawn Necromancer on June 30, 2020.
             Killed by divine providence
             ... invoked by an orc priest
              (11 damage)
             ... on level 4 of the Dungeon.
             The game lasted 00:29:46 (7008 turns).

protoss039 the Grave Robber (DsNe)                  Turns: 7008, Time: 00:29:46

Health: -3/42      AC:  3    Str:  8      XL:     6   Next: 79%
Magic:  0/12       EV: 12    Int: 17 (19) God:
Gold:   143        SH:  0    Dex: 12 (13) Spells: 5/14 levels left

rFire    . . .     SeeInvis .     - Unarmed
rCold    + + .     Gourm    .   (no shield)
rNeg     . . .     Faith    .   a - +0 robe
rPois    .         Spirit   +   (helmet restricted)
rElec    +         Reflect  .   (no cloak)
rCorr    .         Harm     .   r - +0 pair of gloves
MR       +....     Rnd*Tele +   (no boots)
Stlth    ++........             (no amulet)
HPRegen  0.14/turn              t - ring of teleportation (curse)
MPRegen  0.26/turn              l - ring of protection from magic

@: no status effects
A: antennae 2, cold resistance 2, deterioration 1, electricity resistance, magic
shield, magic regeneration
a: no special abilities


You were on level 4 of the Dungeon.
You were hungry.

You visited 1 branch of the dungeon, and saw 4 of its levels.

You collected 143 gold pieces.

Inventory:

Hand Weapons
 b - a +1 dagger
Armour
 a - a +0 robe (worn)
 r - a +0 pair of gloves (worn)
Jewellery
 d - an uncursed ring of stealth
 f - an uncursed ring of ice
 l - a ring of protection from magic (right hand)
 t - a cursed ring of teleportation (left hand)
Wands
 n - a wand of iceblast (7)
Scrolls
 e - a scroll of immolation
 g - a scroll of random uselessness
 h - 2 scrolls of identify
 j - 2 scrolls of enchant armour
Potions
 i - a potion of mutation
Comestibles
 c - 6 rations


   Skills:
 * Level 0.8 Fighting
 - Level 1.7 Dodging
 - Level 1.7 Stealth
 * Level 1.9 Unarmed Combat
 + Level 4.6 Spellcasting
 + Level 6.7 Necromancy


You had 5 spell levels left.
You knew the following spells:

 Your Spells              Type           Power        Failure   Level  Hunger
a - Pain                  Necr           ####         1%          1    None
b - Animate Skeleton      Necr           N/A          1%          1    None
c - Vampiric Draining     Necr           ####......   2%          3    ###....
d - Animate Dead          Necr           N/A          10%         4    ####...

Your spell library contained the following spells:

 Spells                   Type           Power        Failure   Level  Hunger
 Agony                    Necr           ####....     26%         5    ######.
 Confusing Touch          Hex            #.......     41%         3    ###....
 Gell's Gravitas          Tloc           #.........   41%         3    ###....
 Petrify                  Tmut/Erth      #.......     83%         4    ####...
 Metabolic Englaciation   Hex/Ice        #.........   99%         5    ######.
 Yara's Violent Unravell  Hex/Tmut       #.........   99%         5    ######.


Dungeon Overview and Level Annotations

Branches:
Dungeon (4/15)             Temple (0/1) D:4

Altars:
Fedhas
Okawaru
Zin

Annotations:
D:3 Grinder


Innate Abilities, Weirdness & Mutations

You have a pair of antennae on your head.
Your flesh is very cold resistant. (rC++)
When hurt, damage is shared between your health and your magic reserves.
You regenerate magic rapidly.
Your body sometimes deteriorates upon taking damage.
You are resistant to electric shocks. (rElec)


Message History

Confirm with . or Enter, or press ? or * to list all spells.
Aiming: Pain (safe; 1% risk of failure)
Press: ? - help, Shift-Dir - straight line, f/p - orc wizard
Aim: an orc wizard, wielding a +0 dagger and wearing a +0 robe (heavily wounded, chance to defeat MR: 84%)
The orc wizard writhes in agony!
Casting: Pain (safe; 1% risk of failure)
Confirm with . or Enter, or press ? or * to list all spells.
Aiming: Pain (safe; 1% risk of failure)
Press: ? - help, Shift-Dir - straight line, f/p - orc wizard
Aim: an orc wizard, wielding a +0 dagger and wearing a +0 robe (almost dead, chance to defeat MR: 84%)
The orc wizard writhes in agony!
You kill the orc wizard!
The orc priest casts a cantrip, but nothing happens.
Unknown command.
The orc priest invokes the aid of Beogh against you.
Beogh smites you!
* * * LOW HITPOINT WARNING * * *
The orc priest mumbles some strange prayers to Beogh against you.
Beogh smites you!
You die...

,,,,*+**,*,,,,*,,**,,##......#
,,,,,,,*.##****,,,,,,#.......#
,,,,,,,*...,,,,,,,,,,#.......#
,,,,**###.#****,,,,,,+.o.....#
,,,,*,,...# *,,,,,,#..)....#
,,,,#,###.### *####+###.######
##*+#.#.....# ##.##.###.#
....#.#.....###....{..o.#
........._......@o......#
....###.....#.#.........#
..,,* #.....#.#.........#
,,,,* ###.###.#.........#
+#### #.....##........#
....##*##.######...######
......,#...#........#
.......#...#........#
......,#............#


You could see an orc priest and an orc.

Vanquished Creatures
  A hound (D:4)
  An orc priest (D:4)
  Jessica (D:2)
  Ijyb (D:3)
  An iguana (D:4)
  3 orc wizards (D:4)
  A hound skeleton (D:4)
  4 adders
  4 oozes
  3 worms
  2 dart slugs
  3 leopard geckos
  10 orcs
  5 giant cockroaches
  6 goblins
  12 hobgoblins
  6 jackals
  10 kobolds
  2 quokkas
  A ball python (D:1)
  6 bats
  7 frilled lizards
  A quokka skeleton (D:4)
  6 rats
97 creatures vanquished.

Vanquished Creatures (collateral kills)
  An orc priest (D:4)
  A bullfrog skeleton (D:4)
  2 adders (D:3)
  A worm (D:3)
  2 dart slugs
  A ball python (D:1)
  2 giant cockroaches
  A quokka (D:2)
  A bat (D:1)
  3 rats
15 creatures vanquished.

Grand Total: 112 creatures vanquished

Notes
Turn   | Place    | Note
-------+----------+-------------------------------------------
     0 | D:1      | protoss039 the Demonspawn Necromancer began the quest for
                  | the Orb.
     0 | D:1      | Reached XP level 1. HP: 13/13 MP: 3/3
   441 | D:1      | Reached skill level 5 in Necromancy
   441 | D:1      | Gained mutation: When hurt, damage is shared between your
                  | health and your magic reserves. [demonic ancestry]
   441 | D:1      | Reached XP level 2. HP: 17/19 MP: 0/5
  1045 | D:1      | Learned a level 1 spell: Animate Skeleton
  1125 | D:1      | Gained mutation: You regenerate magic rapidly. [demonic
                  | ancestry]
  1125 | D:1      | Reached XP level 3. HP: 19/24 MP: 4/6
  1937 | D:2      | Learned a level 3 spell: Vampiric Draining
  2363 | D:2      | Gained mutation: You have a pair of small antennae on your
                  | head. [demonic ancestry]
  2363 | D:2      | Reached XP level 4. HP: 27/30 MP: 2/7
  2451 | D:2      | Reached skill level 1 in Unarmed Combat
  3011 | D:2      | Noticed Jessica
  3013 | D:2      | Killed Jessica
  3060 | D:2      | Found a glowing silver altar of Zin.
  3355 | D:2      | Gained mutation: Your flesh is cold resistant. (rC+)
                  | [demonic ancestry]
  3355 | D:2      | Reached XP level 5. HP: 34/36 MP: 5/9
  3501 | D:3      | Noticed Ijyb
  3847 | D:3      | Learned a level 4 spell: Animate Dead
  3910 | D:3      | Killed Ijyb
  3910 | D:3      | Reached skill level 6 in Necromancy
  4469 | D:3      | Noticed Grinder
  4493 | D:3      | Gained mutation: Your flesh is very cold resistant. (rC++)
                  | [potion of mutation]
  4493 | D:3      | Gained mutation: Your body sometimes deteriorates upon
                  | taking damage. [potion of mutation]
  4493 | D:3      | Gained mutation: You are resistant to electric shocks.
                  | (rElec) [potion of mutation]
  4813 | D:3      | Found a blossoming altar of Fedhas.
  5570 | D:4      | Gained mutation: You have a pair of antennae on your head.
                  | [demonic ancestry]
  5570 | D:4      | Reached XP level 6. HP: 10/42 MP: 6/12
  6672 | D:4      | Found an iron altar of Okawaru.
  7008 | D:4      | Killed from afar by an orc priest

Illustrated notes

Levels and vault maps discovered:
D:1:      elethiomel_arrival_quiet, layout_basic
D:2:      layout_basic, zin_scriptorium, kennysheep_generic_room_8, uniq_jessica
D:3:      layout_basic, fedhas_altar_2, first_ration, uniq_ijyb, uniq_grinder
D:4:      layout_gridville, nicolae_overflow_crystal_walls,
          minmay_temple_entry_poolview, serial_rivers,
          chequers_serial_rivers_micro_a, chequers_serial_rivers_micro_e,
          chequers_serial_rivers_room_b, chequers_serial_rivers_small_3,
          lightli_minifort, uniq_crazy_yiuf_cottage

Skill      XL: |  1  2  3  4  5 |
---------------+----------------+-----
Necromancy     | 5 6 |  6.7
Unarmed Combat | 1 |  1.9
Spellcasting   | 3 4 |  4.6
Fighting       | |  0.8
Dodging        | |  1.7
Stealth        | |  1.7

Action                   |  1- 3 |  4- 6 || total
-------------------------+-------+-------++-------
Melee: Unarmed           |    95 |   120 ||   215
 Cast: Pain              |    57 |   151 ||   208
       Animate Skeleton  |    13 |     7 ||    20
       Animate Dead      |       |    11 ||    11
  Use: Scroll            |       |     8 ||     8
       Potion            |       |     6 ||     6
 Stab: Sleeping          |     3 |     1 ||     4
  Eat: Chunk             |     5 |    13 ||    18
       Ration            |       |     1 ||     1
Armor: Robe              |    30 |    26 ||    56
Dodge: Dodged            |    97 |    92 ||   189
